 Dungeon Crawl Stone Soup version 0.22.0-38-g04b72b8 (webtiles) character file.

4159 Lew the Skirmisher (level 10, -1/63 HPs)
             Began as a Gargoyle Fighter on Aug 27, 2018.
             Was an Elder of Okawaru.
             Killed by the air
             ... invoked by Gastronok
              (21 damage)
             ... on level 8 of the Dungeon.
             The game lasted 00:17:08 (7629 turns).

Lew the Skirmisher (Gargoyle Fighter)               Turns: 7629, Time: 00:17:09

Health: -1/63      AC: 18    Str: 24    XL:     10   Next: 28%
Magic:  10/10      EV: 13    Int:  8    God:    Okawaru [****..]
Gold:   141        SH: 13    Dex:  9    Spells: 9/9 levels left

rFire    . . .     SeeInvis .   a - +0 war axe
rCold    . . .     Gourm    .   D - +2 shield
rNeg     + . .     Faith    .   b - +0 scale mail
rPois    ∞         Spirit   .   (no helmet)
rElec    +         Reflect  .   (no cloak)
rCorr    .         Harm     .   k - +2 pair of gloves
MR       +....                  (no boots)
Stlth    ++........             (no amulet)
HPRegen  0.20/turn              i - +3 ring of evasion
MPRegen  0.12/turn              d - ring of protection from magic

@: no status effects
A: mutation resistance 1, negative energy resistance 1, sense surroundings 1,
electricity resistance, unbreathing, petrification resistance, rot immunity, AC
+7
a: Heroism, Renounce Religion


You were on level 8 of the Dungeon.
You worshipped Okawaru.
Okawaru was greatly pleased with you.
You were not hungry.

You visited 1 branch of the dungeon, and saw 8 of its levels.

You collected 471 gold pieces.
You spent 330 gold pieces at shops.

Inventory:

Hand Weapons
 a - a +0 war axe (weapon)
Armour
 b - a +0 scale mail (worn)
 k - a +2 pair of gloves (worn)
 D - a +2 shield (worn)
Jewellery
 d - a ring of protection from magic (right hand)
 i - a +3 ring of evasion (left hand)
 t - an uncursed ring of flight
 y - an uncursed ring of stealth
Wands
 c - a wand of clouds (3)
 j - a wand of digging (16)
 v - a wand of random effects (31)
Scrolls
 o - 3 scrolls of teleportation
 q - 2 scrolls of remove curse
 r - 3 scrolls of fog
 A - a scroll of fear
 B - a scroll of magic mapping
 C - 2 scrolls of blinking
Potions
 e - 2 potions of resistance
 g - 2 potions of curing
 h - 3 potions of brilliance
 m - a potion of lignification
 p - 2 potions of haste
 u - a potion of might
 w - a potion of ambrosia
 x - a potion of agility
 z - 2 potions of flight
Comestibles
 f - 7 rations


   Skills:
 + Level 7.4 Fighting
 + Level 5.7 Axes
 + Level 7.2 Armour
 + Level 4.8 Dodging
 + Level 6.9 Stealth
 + Level 7.4 Shields


You had 9 spell levels left.
You didn't know any spells.
Your spell library contained the following spells:

 Spells                   Type           Power        Failure   Level  Hunger
 Animate Skeleton         Necr           N/A          95%         1    ##.....
 Apportation              Tloc           #.....       95%         1    ##.....
 Beastly Appendage        Tmut           #.....       95%         1    ##.....
 Confusing Touch          Hex            #.....       95%         1    ##.....
 Summon Small Mammal      Summ           #...         95%         1    ##.....
 Sticks to Snakes         Tmut           #.......     98%         2    ###....
 Spider Form              Tmut/Pois      #.........   100%        3    ####...
 Ice Form                 Ice/Tmut       #.......     100%        4    #####..
 Blade Hands              Tmut           #.........   100%        5    ######.


Dungeon Overview and Level Annotations

Branches:
Dungeon (8/15)             Temple (0/1) D:6
   Lair: D:8-11

Altars:
Ashenzari
Okawaru
Ru
Sif Muna
Trog
Yredelemnul
The Shining One

Shops:
D:5 ?[[}(   D:7 :

Annotations:
D:8 Gastronok


Innate Abilities, Weirdness & Mutations

You are resistant to torment.
Your stone body is resilient. (AC +7)
You are immune to poison.
You resist negative energy. (rN+)
You are resistant to electric shocks. (rElec)
You can survive without breathing.
You are immune to petrification.
You are immune to rotting.
You are somewhat resistant to further mutation.
You passively map a small area around you.


Message History

Aim: Gastronok, wearing a runed hat (heavily wounded, confused)
The mass of ice explodes!
The iceblast engulfs Gastronok.
Gastronok is heavily wounded.
Evoke which item? (* to show all) (? for menu, Esc to quit)
Aiming: Iceblast
Press: ? - help, Shift-Dir - straight line, f/p - Gastronok
Aim: Gastronok, wearing a runed hat (heavily wounded, confused)
The mass of ice explodes!
The iceblast engulfs Gastronok.
Gastronok is severely wounded.
Gastronok seems less confused.
Evoke which item? (* to show all) (? for menu, Esc to quit)
Aiming: Iceblast
Press: ? - help, Shift-Dir - straight line, f/p - Gastronok
Aim: Gastronok, wearing a runed hat (severely wounded)
The mass of ice explodes!
The iceblast engulfs Gastronok.
Gastronok is severely wounded.
The now-empty wand crumbles to dust.
Gastronok waves his eye-stalks in wide circles.
The air twists around and strikes you!
You die...

#.# #......#
#.# ###.####
#+# #.# * #.#
, * ##* #.#
##.###.# ,
,####...##.# +
+.?.....#.####
, , ,
*#..@.w..§§# *
, ##..#####.#
##.# #.# #..#
#.# #..# #w# *
* #..#####.#
#...†....# *
#.######## ,
...


You could see Gastronok.

Vanquished Creatures
  An unseen horror (D:8)
  A troll (D:8)
  Grinder (D:4)
  A hippogriff (D:8)
  A yak (D:8)
  2 hungry ghosts
  2 sky beasts
  An orc warrior (D:8)
  2 ice beasts
  4 ogres
  The ghost of Verendum the Poker, an amateur MfAK of Lugonu (D:3)
  3 centaurs
  6 bullfrogs
  2 scorpions
  A killer bee (D:8)
  A howler monkey (D:4)
  4 crimson imps
  A quasit (D:6)
  An orc priest (D:4)
  3 bullfrog zombies
  4 hounds
  A bullfrog skeleton (D:4)
  3 worker ants
  Natasha (thrice) (D:2)
  An iguana (D:8)
  An orc wizard (D:4)
  2 hound zombies
  A howler monkey skeleton (D:5)
  10 adders
  4 gnolls (D:5)
  2 shadow imps
  An ooze (D:1)
  An adder zombie (D:7)
  An adder skeleton (D:3)
  A worm (D:2)
  2 dart slugs (D:1)
  4 leopard geckos
  8 orcs
  4 giant cockroaches
  9 hobgoblins
  12 jackals
  4 quokkas
  A bat (D:1)
  8 frilled lizards
  9 goblins
  14 kobolds
  2 leopard gecko skeletons
  10 rats
162 creatures vanquished.

Notes
Turn   | Place    | Note
-------+----------+-------------------------------------------
     0 | D:1      | Lew the Gargoyle Fighter began the quest for the Orb.
     0 | D:1      | Reached XP level 1. HP: 14/14 MP: 1/1
   186 | D:1      | Reached XP level 2. HP: 16/19 MP: 2/2
   195 | D:1      | Reached skill level 1 in Stealth
   295 | D:1      | Reached XP level 3. HP: 23/23 MP: 3/3
   800 | D:2      | Reached XP level 4. HP: 20/28 MP: 4/4
   892 | D:2      | Reached skill level 1 in Dodging
  1120 | D:2      | Noticed Natasha
  1134 | D:2      | Killed Natasha
  1134 | D:2      | Reached XP level 5. HP: 7/33 MP: 5/5
  1382 | D:2      | Noticed Natasha
  1396 | D:2      | Killed Natasha
  1483 | D:2      | Noticed Natasha
  1603 | D:2      | Killed Natasha
  2129 | D:3      | Found a runed gate.
  2130 | D:3      | Found a runed gate.
  2132 | D:3      | Noticed Verendum's ghost (amateur MfAK)
  2235 | D:3      | Found a runed gate.
  2388 | D:3      | Killed Verendum's ghost
  2388 | D:3      | Reached XP level 6. HP: 29/38 MP: 6/6
  2477 | D:4      | Noticed Grinder
  2498 | D:4      | Killed Grinder
  2498 | D:4      | Reached XP level 7. HP: 15/44 MP: 7/7
  3087 | D:4      | Found a shattered altar of Ashenzari.
  3089 | D:4      | Found a bloodstained altar of Trog.
  3091 | D:4      | Found an iron altar of Okawaru.
  3091 | D:4      | Found a sacrificial altar of Ru.
  3099 | D:4      | Became a worshipper of Warmaster Okawaru
  3310 | D:4      | Reached skill level 5 in Fighting
  3310 | D:4      | Reached skill level 5 in Shields
  3501 | D:5      | Entered Level 5 of the Dungeon
  3513 | D:5      | Found Agick's Antique Armour Shoppe.
  3527 | D:5      | Bought a faintly humming robe for 165 gold pieces
  3527 | D:5      | Identified the cursed +1 robe of Zin's Envy {rPois rF++} (You bought it in a shop on level 5 of the Dungeon)
  3555 | D:5      | Reached skill level 5 in Armour
  3555 | D:5      | Reached XP level 8. HP: 40/49 MP: 8/8
  3582 | D:5      | Found Uhymuss's Magic Scroll Shoppe.
  3648 | D:5      | Found Doxzivan's Antique Armour Boutique.
  3682 | D:5      | Reached * piety under Okawaru
  4029 | D:5      | Found Kurib's Gadget Shop.
  4269 | D:5      | Found a glowing golden altar of the Shining One.
  4274 | D:5      | Found a basalt altar of Yredelemnul.
  4276 | D:5      | Noticed a profane servitor
  4298 | D:5      | Found Synix's Weapon Shop.
  4473 | D:5      | Noticed an angel
  4783 | D:6      | Reached skill level 5 in Stealth
  4956 | D:6      | Found a staircase to the Ecumenical Temple.
  5099 | D:6      | Reached XP level 9. HP: 51/55 MP: 9/9
  5752 | D:7      | Reached ** piety under Okawaru
  5942 | D:7      | Found Uliklenu's Book Shop.
  6315 | D:5      | Bought a shiny shield for 165 gold pieces
  6560 | D:8      | Gained mutation: You are somewhat resistant to further mutation. [potion of mutation]
  6560 | D:8      | Gained mutation: You passively map a small area around you. [potion of mutation]
  6602 | D:8      | Noticed a troll
  6644 | D:8      | Killed an unseen horror
  6644 | D:8      | Reached *** piety under Okawaru
  6644 | D:8      | Reached skill level 5 in Axes
  6893 | D:8      | Killed a troll
  6893 | D:8      | Reached XP level 10. HP: 22/63 MP: 10/10
  7450 | D:8      | Found a deep blue altar of Sif Muna.
  7520 | D:8      | Reached **** piety under Okawaru
  7583 | D:8      | Noticed Gastronok
  7609 | D:8      | HP: 1/63 [Gastronok/the air (18)]
  7629 | D:8      | Killed from afar by Gastronok

Skill      XL: |  1  2  3  4  5  6  7  8  9 10 |
---------------+-------------------------------+-----
Axes           | 2 3 4 5 |  5.7
Stealth        | 1 2 3 4 5 6 |  6.9
Dodging        | 1 2 3 4 |  4.8
Shields        | 4 5 7 |  7.4
Fighting       | 4 5 7 |  7.4
Armour         | 4 5 6 7 |  7.2

Action                   |  1- 3 |  4- 6 |  7- 9 | 10-12 || total
-------------------------+-------+-------+-------+-------++-------
Melee: War axe           |   121 |   176 |   463 |    89 ||   849
Evoke: Wand              |       |       |       |     9 ||     9
  Use: Potion            |       |     4 |     2 |     3 ||     9
       Scroll            |       |    13 |     9 |     1 ||    23
 Stab: Sleeping          |       |       |     1 |       ||     1
  Eat: Ration            |       |     2 |     3 |     4 ||     9
       Chunk             |       |       |    12 |       ||    12
Armor: Scale mail        |    84 |   112 |   271 |    48 ||   515
Dodge: Dodged            |    44 |    56 |   256 |    42 ||   398
Block: Shield            |    71 |    96 |   339 |    69 ||   575
